Map: El Dorado

Players

HeroMarine

  • Race: Terran Terran
  • Spawn Location: 5:00

DnS - Winner!

  • Race: Protoss Protoss
  • Spawn Location: 7:00

Event: HomeStory Cup XXVI

VOD

Have the link to the VOD?

Description

Time

  • Played on: Nov. 30, 2024, 11:18 a.m.
  • Length: 10:04

All games in this series

Show
View Real Time Build Order
Export as new Build Order

HeroMarine Terran 

Build Orders: Liberator Opening 

Get SALT Encoding   

  12  0:00  SCV  
  13  0:12  SCV  
  14  0:17  Supply Depot  
  14  0:24  SCV  
  15  0:39  SCV  
  15  0:41  Barracks  
  16  0:45  Refinery  
  16  0:51  SCV  
  16  0:55  Refinery  
  17  1:03  SCV  
  18  1:15  SCV  
  19  1:28  Orbital Command, Reaper  
  20  1:42  Factory  
  20  1:46  Supply Depot  
  20  1:53  SCV  
  21  2:00  Barracks Reactor  
  21  2:05  SCV  
  22  2:17  SCV  
  23  2:23  Command Center  
  24  2:30  SCV  
  24  2:34  Factory Tech Lab  
  24  2:39  Starport  
  24  2:42  SCV  
  25  2:44  Marine x2  
  27  2:51  Supply Depot  
  27  2:54  SCV  
  28  3:04  Cyclone  
  31  3:12  Marine  
  31  3:13  SCV, Marine  
  34  3:25  SCV  
  35  3:27  Medivac  
  38  3:36  Orbital Command  
  38  3:38  Cyclone  
  39  3:41  SCV  
  39  3:42  Marine  
  39  3:45  Marine  
  42  3:53  SCV  
  43  3:57  Liberator  
  43  4:00  Marine  
  47  4:03  Marine  
  47  4:06  SCV  
  47  4:09  Supply Depot  
  49  4:10  SCV  
  50  4:18  SCV  
  50  4:22  SCV, Marine x2  
  54  4:29  Supply Depot  
  54  4:30  SCV, Cyclone  
  58  4:34  SCV  
  59  4:40  Viking  
  59  4:41  Supply Depot  
  59  4:42  SCV  
  61  4:46  SCV  
  61  4:50  Marine x2, Barracks  
  64  4:54  SCV  
  64  4:58  SCV, Barracks  
  66  5:07  SCV  
  66  5:08  Cyclone, Marine x2  
  66  5:10  SCV  
  70  5:19  SCV  
  63  5:23  SCV, Engineering Bay  
  63  5:26  Marine  
  63  5:27  Marine  
  57  5:31  SCV  
  57  5:34  Starport Tech Lab  
  57  5:35  SCV  
  59  5:37  Refinery  
  59  5:38  Supply Depot  
  59  5:43  SCV  
  59  5:47  SCV  
  59  5:48  Marauder  
  59  5:49  Marine x2  
  62  5:50  Stimpack  
  62  5:53  Refinery, Missile Turret  
  62  5:54  Supply Depot  
  62  5:55  SCV  
  63  5:58  Marauder  
  63  6:01  Combat Shield  
  63  6:03  Factory Reactor  
  65  6:04  Starport Reactor  
  65  6:06  Marine  
  65  6:07  Marine  
  69  6:12  Supply Depot  
  69  6:13  Terran Infantry Weapons Level 1  
  69  6:17  Marauder  
  69  6:20  Marauder  
  69  6:22  Supply Depot, Missile Turret  
  71  6:26  Marine x2  
  71  6:30  Supply Depot  
  71  6:31  Missile Turret  
  73  6:38  SCV x2  
  73  6:39  Marauder  
  77  6:40  Medivac  
  77  6:41  Marauder, Medivac  
  77  6:44  Marine x2, Widow Mine  
  77  6:45  Widow Mine  
  90  7:00  Marauder  
  90  7:01  Command Center  
  90  7:02  Marauder  
  90  7:03  Marine  
  90  7:04  Marine  
  96  7:08  Widow Mine  
  96  7:09  Widow Mine  
  96  7:12  Medivac x2  
  102  7:25  Concussive Shells  
  102  7:26  Barracks  
  102  7:27  Marine x2, Marauder x2  
  102  7:29  Barracks  
  108  7:31  SCV x2  
  108  7:35  Supply Depot  
  110  7:37  Widow Mine x2  
  110  7:43  Supply Depot, Medivac  
  116  7:46  Medivac  
  118  7:51  Marine  
  118  7:56  SCV x2, Marine  
  118  7:57  Marauder x2  
  125  8:05  Supply Depot, Widow Mine x2  
  129  8:10  Terran Infantry Armor Level 1  
  129  8:13  Orbital Command, Marine  
  129  8:14  Marine  
  129  8:16  Barracks Tech Lab, Barracks Reactor  
  129  8:17  SCV x2  
  133  8:21  Marine x2  
  132  8:29  SCV x2  
  132  8:30  Widow Mine x2  
  138  8:34  Supply Depot  
  138  8:43  Marauder x2  
  138  8:45  Marine x3  
  145  8:54  Medivac x2  
  145  8:55  Orbital Command  
  149  8:59  Marine x2  
  149  9:01  Supply Depot, SCV  
  149  9:02  SCV  
  149  9:03  Marine, Ghost Academy  
  147  9:13  SCV  
  147  9:14  Marauder x2  
  140  9:19  Marine  
  113  9:25  Marauder  
  101  9:34  Marine x3  
  101  9:35  Marine x2, Widow Mine x2  
  101  9:37  Marine  
  77  9:45  SCV  
  77  9:46  SCV  
Show
View Real Time Build Order
Export as new Build Order

DnS Protoss - Winner!

Build Orders: 1 Gate Expand, Phoenix Opening 

Get SALT Encoding   

  12  0:00  Probe  
  13  0:12  Probe  
  14  0:19  Pylon  
  14  0:24  Probe  
  15  0:30  Assimilator  
  15  0:33  Probe  
  15  0:41  Probe  
  16  0:47  Gateway  
  17  0:51  Probe  
  18  1:03  Probe  
  19  1:16  Probe  
  20  1:25  Nexus  
  20  1:36  Cybernetics Core  
  20  1:39  Probe  
  21  1:44  Assimilator  
  21  1:51  Probe  
  22  1:55  Pylon  
  22  2:01  Stalker  
  22  2:03  Probe  
  25  2:15  Probe  
  25  2:21  Stargate  
  26  2:24  Warp Gate  
  26  2:34  Probe  
  26  2:35  Probe  
  26  2:39  Sentry  
  26  2:42  Probe  
  26  2:43  Probe  
  29  2:50  Probe  
  31  2:53  Probe  
  33  3:02  Shield Battery, Probe  
  33  3:05  Probe  
  35  3:15  Phoenix, Probe  
  35  3:19  Probe  
  40  3:27  Probe  
  40  3:29  Pylon  
  40  3:31  Probe  
  41  3:39  Probe  
  41  3:40  Phoenix  
  44  3:42  Gateway  
  44  3:43  Probe  
  45  3:51  Gateway  
  45  3:55  Probe  
  46  3:56  Phoenix, Probe  
  46  3:57  Pylon  
  47  4:07  Probe  
  47  4:08  Probe  
  51  4:11  Pylon  
  51  4:13  Pylon  
  51  4:14  Stalker  
  53  4:20  Phoenix  
  55  4:28  Probe  
  55  4:29  Pylon, Probe  
  57  4:37  Stalker x2  
  61  4:49  Nexus  
  61  4:54  Probe x2  
  61  4:55  Phoenix  
  61  4:59  Stalker  
  67  5:09  Stalker x2  
  67  5:22  Probe  
  67  5:24  Phoenix, Probe  
  67  5:26  Assimilator  
  67  5:27  Assimilator  
  67  5:28  Pylon  
  63  5:34  Probe  
  63  5:35  Pylon  
  66  5:36  Probe  
  67  5:44  Forge  
  67  5:46  Probe  
  67  5:48  Twilight Council, Probe  
  69  5:57  Probe  
  69  5:58  Charge, Probe  
  69  5:59  Protoss Ground Armor Level 1  
  69  6:00  Probe  
  69  6:01  Pylon  
  72  6:05  Probe  
  72  6:10  Probe  
  72  6:11  Phoenix  
  76  6:12  Probe  
  76  6:15  Probe  
  78  6:18  Shield Battery  
  78  6:23  Gateway  
  78  6:25  Gateway  
  78  6:27  Gateway  
  78  6:30  Gateway  
  78  6:31  Gateway  
  78  6:36  Gateway  
  78  6:40  Phoenix  
  78  6:42  Sentry  
  78  6:43  Zealot  
  78  6:44  Zealot  
  78  6:45  Probe  
  88  6:47  Probe x2  
  89  6:58  Templar Archives  
  89  6:59  Pylon  
  89  7:01  Pylon  
  89  7:03  Photon Cannon  
  89  7:04  Probe x2  
  89  7:05  Pylon  
  91  7:09  Robotics Facility  
  91  7:13  Phoenix  
  93  7:17  Pylon  
  93  7:21  Zealot x3  
  99  7:24  Zealot x2  
  103  7:31  Zealot  
  103  7:32  Zealot x2  
  109  7:37  Gateway  
  109  7:41  Phoenix  
  111  7:51  Warp Prism  
  111  7:55  Zealot x2, High Templar x2  
  111  7:56  Zealot x5  
  129  7:59  Assimilator  
  129  8:04  Archon  
  131  8:06  Probe x2  
  131  8:08  Probe  
  134  8:13  Robotics Bay  
  134  8:25  Observer  
  134  8:28  Robotics Facility  
  134  8:29  Zealot x4  
  134  8:32  Zealot x2  
  134  8:33  Zealot  
  149  8:39  Pylon  
  149  8:40  Pylon  
  149  8:41  Pylon x2  
  147  8:49  Zealot  
  145  8:56  Zealot x2  
  149  9:05  Zealot x7  
  151  9:17  Zealot x2  
  153  9:33  Zealot x8  
  167  9:40  Zealot x2  
  123  9:57  Zealot x4  
Tags
 
Add a new tag
Caveats
  • Supply blocks, unpowered buildings, or Contaminate may cause inaccurate times.
  • Supply counts are checked every 10 seconds.